 Dungeon Crawl Stone Soup version 0.23-a0-143-g1adec7b (webtiles) character file.

52 EvilAliv3 the Vexing (level 3, 0/24 HPs)
             Began as a Demonspawn Enchanter on Sept 4, 2018.
             Killed by nerve-wracking pain
             ... invoked by Grinder
              (2 damage)
             ... on level 3 of the Dungeon.
             The game lasted 00:13:09 (2463 turns).

EvilAliv3 the Vexing (Demonspawn Enchanter)         Turns: 2463, Time: 00:13:09

Health: 0/24       AC:  9    Str: 13    XL:     3   Next: 60%
Magic:  6/6        EV: 10    Int: 16    God:
Gold:   154        SH:  3    Dex: 14    Spells: 0/6 levels left

rFire    . . .     SeeInvis .   a - +1 dagger
rCold    + . .     Gourm    .   l - +0 buckler
rNeg     . . .     Faith    .   h - +1 ring mail {rC+}
rPois    .         Spirit   .   (no helmet)
rElec    .         Reflect  .   (no cloak)
rCorr    .         Harm     .   b - +0 pair of gloves
MR       .....                  (no boots)
Stlth    ++........             (no amulet)
HPRegen  0.08/turn              (no ring)
MPRegen  0.10/turn              (no ring)

@: mighty
A: slimy green scales 1, powered by pain 1
a: no special abilities


You were on level 3 of the Dungeon.
You were not hungry.

You visited 1 branch of the dungeon, and saw 3 of its levels.

You collected 154 gold pieces.

Inventory:

Hand Weapons
 a - a +1 dagger (weapon)
Armour
 b - a +0 pair of gloves (worn)
 h - a +1 ring mail of cold resistance (worn)
 l - a +0 buckler (worn)
Jewellery
 k - a +4 ring of dexterity {unknown}
Scrolls
 c - 3 scrolls of identify {unknown}
 e - a scroll of enchant armour {unknown}
 i - 2 scrolls of teleportation {unknown}
 j - 2 scrolls of enchant weapon {unknown}
 m - a scroll of remove curse {unknown}
 o - a scroll of noise {unknown}
Potions
 n - a potion of might {unknown}
Comestibles
 d - 3 rations
 f - 2 chunks of flesh


   Skills:
 + Level 1.4 Short Blades
 + Level 2.2 Dodging
 + Level 3.1 Stealth
 + Level 0.3 Shields
 + Level 2.3 Spellcasting
 + Level 3.3 Hexes


You couldn't memorise any spells.
You knew the following spells:

 Your Spells              Type           Power        Failure   Level  Hunger
a - Corona                Hex            ##.....      19%         1    #......
b - Confuse               Hex            ##......     47%         3    ###....
c - Blink                 Tloc           N/A          71%         2    ###....

Your spell library contained the following spells:

 Spells                   Type           Power        Failure   Level  Hunger
 Slow                     Hex            ##......     26%         2    ###....
 Ensorcelled Hibernation  Hex/Ice        #.....       47%         2    ###....
 Tukima's Dance           Hex            ##......     47%         3    ###....
 Magic Dart               Conj           #...         56%         1    #......
 Call Imp                 Summ           #.......     71%         2    ###....
 Dazzling Spray           Conj/Hex       #.....       71%         3    ###....
 Conjure Flame            Conj/Fire      #.......     91%         3    ###....
 Mephitic Cloud           Conj/Pois/Air  #.......     91%         3    ###....


Dungeon Overview and Level Annotations

Branches:
Dungeon (3/15)

Altars:
Xom
Yredelemnul

Annotations:
D:3 Grinder


Innate Abilities, Weirdness & Mutations

You are partially covered in slimy green scales. (AC +2)
You sometimes gain a little power by taking damage.


Message History

You feel very mighty all of a sudden.
You hit Grinder.
Grinder is lightly wounded.
Grinder gestures at you. Pain shoots through your body!
* * * LOW HITPOINT WARNING * * *
You closely miss Grinder.
Grinder is lightly wounded.
Grinder barely misses you.
Your shield and ring mail prevent you from hitting Grinder.
Grinder is lightly wounded.
You block Grinder's attack.
You feel much better. Grinder hits you!
You writhe in agony.
Grinder says, "Mostly I couldn't keep them alive."
Grinder gestures at you. Pain shoots through your body!
* * * LOW HITPOINT WARNING * * *
Grinder gestures at you. Pain shoots through your body!
You die...

#.###############.#
........5..@.......
######.######....#
#.### ### #.<.#
#....5...#
#.......#..#
..........> .
###.......#..#
......### ..


You could see Grinder.

Vanquished Creatures
  An adder (D:3)
  An ooze (D:2)
  A leopard gecko (D:2)
  2 ball pythons
  2 giant cockroaches
  4 goblins
  5 hobgoblins
  3 jackals (D:1)
  3 kobolds (D:1)
  2 quokkas
  5 bats
  3 frilled lizards
  2 rats
34 creatures vanquished.

Notes
Turn   | Place    | Note
-------+----------+-------------------------------------------
     0 | D:1      | EvilAliv3 the Demonspawn Enchanter began the quest for the
                  | Orb.
     0 | D:1      | Reached XP level 1. HP: 13/13 MP: 3/3
   211 | D:1      | Reached skill level 1 in Short Blades
   640 | D:1      | Gained mutation: You are partially covered in slimy green
                  | scales. (AC +2) [demonic ancestry]
   640 | D:1      | Reached XP level 2. HP: 15/19 MP: 3/5
  1708 | D:2      | Gained mutation: You sometimes gain a little power by
                  | taking damage. [demonic ancestry]
  1708 | D:2      | Reached XP level 3. HP: 24/24 MP: 6/6
  1728 | D:2      | Found a basalt altar of Yredelemnul.
  1764 | D:2      | Learned a level 3 spell: Confuse
  1948 | D:2      | Found a shimmering altar of Xom.
  1974 | D:2      | Learned a level 2 spell: Blink
  2373 | D:3      | Noticed Grinder
  2450 | D:3      | Paralysed by Grinder for 5 turns
  2463 | D:3      | Killed from afar by Grinder

Vault maps used:
D:1:      ncdulo_smallfort
D:2:      yredelemnul_altar_generic, first_ration, kennysheep_pointless_box,
          xom_teletrap_fun
D:3:      uniq_grinder

Skill      XL: |  1  2 |
---------------+-------+-----
Short Blades   | 1 |  1.4
Dodging        | 2 |  2.2
Stealth        | 3 |  3.1
Shields        | |  0.3
Spellcasting   | |  2.3
Hexes          | |  3.3

Action                   || total
-------------------------++-------
Melee: Dagger            ||   180
 Cast: Corona            ||    12
  Use: Potion            ||     2
 Stab: Sleeping          ||     4
  Eat: Chunk             ||     5
Armor: Robe              ||     7
       Leather armour    ||    30
       Ring mail         ||    28
Dodge: Dodged            ||    94
Block: Buckler           ||     5

Table legend:
 A = Non-vault XP
 B = Vault XP
 C = Vault XP percentage of total XP
 D = Non-vault monster count
 E = Vault monster count
 F = Vault count percentage of total count
                 A         B        C        D         E       F
            +---------+---------+-------+---------+---------+-------
      Total |      75 |       0 |   0.0 |      34 |       0 |   0.0
            +---------+---------+-------+---------+---------+-------
        D:1 |      30 |       0 |   0.0 |      18 |       0 |   0.0
        D:2 |      25 |       0 |   0.0 |      12 |       0 |   0.0
        D:3 |      20 |       0 |   0.0 |       4 |       0 |   0.0
            +---------+---------+-------+---------+---------+-------
